 Dungeon Crawl Stone Soup version 0.32-a0-799-g95e1662365 (webtiles) character file.

Game seed: 1518328666052651517

51 hikkokomori the Chiller (level 3, -1/26 HPs)
             Began as a Coglin Ice Elementalist on Mar 21, 2024.
             Slain by a scorpion (3 damage)
             ... on level 4 of the Dungeon.
             The game lasted 00:04:35 (2044 turns).

hikkokomori the Chiller (Coglin Ice Elementalist)   Turns: 2044, Time: 00:04:36

Health: -1/26      AC:  2    Str:  8    XL:     3   Next: 83%
Magic:  6/6        EV: 11    Int: 16    God:
Gold:   95         SH:  0    Dex: 14    Spells: 2/6 levels left

rFire   . . .        d - +0 dagger {Natsumi}
rCold   . . .        o - +1 dagger (speed) {Hajoon}
rNeg    . . .        a - +0 robe
rPois   .            (no helmet)
rElec   .            m - scarf {repulsion}
rCorr   .            (no gloves)
SInv    .            (no boots)
Will    .....        (amulet unavailable)
Stlth   ++           (ring unavailable)
HPRegen 0.24/turn    (ring unavailable)
MPRegen 0.10/turn    (no gizmo)

%: repel missiles
@: mighty, lethally poisoned (-1 -> -4), revved
A: off-hand wielding, slow wielding, warmup strikes, no jewellery
a: Invent Gizmo


You were on level 4 of the Dungeon.
You visited 1 branch of the dungeon, and saw 4 of its levels.

You collected 95 gold pieces.

Inventory:

Hand Weapons
 d - a +0 dagger (weapon) {Natsumi}
 n - a +0 sling {Tochtli}
 o - a +1 dagger of speed (offhand) {Hajoon}
Armour
 a - a +0 robe (worn)
 m - a scarf of repulsion (worn)
Scrolls
 e - a scroll of identify {unknown}
 f - a scroll of blinking {unknown}
 h - 3 scrolls of teleportation
 i - a scroll of noise {unknown}
 j - a scroll of brand weapon {unknown}
 l - a scroll of vulnerability {unknown}
Potions
 b - a potion of magic
 c - a potion of cancellation


   Skills:
 + Level 1.6 Fighting
 - Level 1.7 Dodging
 - Level 2.0 Stealth
 + Level 2.3 Spellcasting
 + Level 4.0 Ice Magic


You had 2 spell levels left.
You knew the following spells:

 Your Spells              Type           Power      Damage    Failure   Level
a - Freeze                Ice            56%        1d7       3%          1
b - Frozen Ramparts       Ice            28%        1d5       12%         3

Your spell library contained the following spells:

 Spells                   Type           Power      Damage    Failure   Level
 Cigotuvi's Dreadful Rot  Necr/Alch/Air  2%         N/A       30%         2
 Ozocubu's Armour         Ice            14%        N/A       12%         3
 Summon Ice Beast         Ice/Summ       8%         N/A       26%         3
 Ignite Poison            Fire/Alch      1%         N/A       90%         4
 Freezing Cloud           Conj/Ice/Air   3%         6-21      97%         5


Dungeon Overview and Level Annotations

Branches:
Dungeon (4/15)             Temple (0/1) D:4

Altars:

Shops:
D:3 !


Innate Abilities, Weirdness & Mutations

You can wield a second weapon in your off-hand.
It takes a long time for you to wield or remove held weapons.
Your first few attacks do less damage.
You cannot equip rings or amulets.


Message History

The scorpion closely misses you.
You hit the scorpion but do no damage.
The scorpion is lightly wounded.
You hit the scorpion with your +1 dagger of speed.
The scorpion barely misses you.
You hit the scorpion but do no damage.
The scorpion is lightly wounded.
You closely miss the scorpion with your +0 dagger.
The scorpion stings you.
You are poisoned.
The scorpion poisons you!
You hit the scorpion but do no damage.
The scorpion is lightly wounded.
You barely miss the scorpion with your +1 dagger of speed.
You feel very sick.
The scorpion stings you but does no damage.
You closely miss the scorpion with your +0 dagger.
The scorpion is lightly wounded.
You hit the scorpion with your +1 dagger of speed.
You feel sick. The scorpion barely misses you.
A kobold comes into view.
It is wielding a +0 dagger and quivering poisoned darts.
You closely miss the scorpion with your +0 dagger.
The scorpion is moderately wounded.
You hit the scorpion but do no damage.
You feel sick. The scorpion stings you!
* * * LOW HITPOINT WARNING * * *
You hit the scorpion but do no damage.
The scorpion is moderately wounded.
You hit the scorpion but do no damage.
* * * LOW HITPOINT WARNING * * *
You feel sick. The scorpion stings you.
* * * LOW HITPOINT WARNING * * *
Unknown command.
It was a potion of cancellation.
You feel magically purged.
* * * LOW HITPOINT WARNING * * *
You feel sick. The scorpion completely misses you.
It was a potion of might.
You feel very mighty all of a sudden.
* * * LOW HITPOINT WARNING * * *
You feel sick. The scorpion stings you.
You die...

,,,,,,,,,,**,,,,,,,,,*
+**,,,,,,.,,,*******,*
,*,,**,*,..*,* *,*
,,,,**,,,*..,* ###**,*
,,*,,*,*,#.#.###..,,,*
,,**,,,,#*#......#****
,,*******.##...Kg#
,,,,,,,,,,..##.#s#
>,******#S##...#@######
*,**,,,,###....#.######
*,*,,*,*.#.#.).#.#######
*,,,**,,.#.............#
*******#...#...........#
##..##.........[#
##.##..........#
##.##..........#
##.##..........#


You could see a scorpion, a hobgoblin and a kobold.

Vanquished Creatures
  An adder (D:3)
  2 dart slugs (D:1)
  An orc (D:3)
  5 ball pythons
  2 bats
  5 endoplasms
  A giant cockroach (D:2)
  5 goblins
  2 hobgoblins (D:1)
  A quokka (D:1)
  2 frilled lizards
  6 kobolds
33 creatures vanquished.

Notes
Turn   | Place    | Note
-------+----------+-------------------------------------------
     0 | D:1      | hikkokomori the Coglin Ice Elementalist began the quest for
                  | the Orb.
     0 | D:1      | Reached XP level 1. HP: 13/13 MP: 3/3
   148 | D:1      | Reached XP level 2. HP: 20/20 MP: 2/4
   548 | D:1      | Reached skill level 1 in Fighting
   715 | D:1      | Reached XP level 3. HP: 26/26 MP: 4/6
  1140 | D:2      | Learned a level 3 spell: Frozen Ramparts
  1790 | D:3      | Found Lugom's Distillery.
  1933 | D:3      | Reached skill level 4 in Ice Magic
  2019 | D:4      | Noticed a scorpion
  2044 | D:4      | Slain by a scorpion

Illustrated notes

Levels and vault maps discovered:
D:1:      dpeg_arrival_rhombus, layout_basic,
          nicolae_concentric_dashed_squares_wild, hex_intersection,
          minmay_misc_feat_four_crosses
D:2:      layout_loops_ring
D:3:      minmay_wonky_spiral, layout_basic, serial_shops,
          nicolae_shop_hallway_stairs
D:4:      layout_basic, minmay_temple_entry_statues_fountains,
          gup_sewer_entry_glass, minmay_manual_monstrance

Skill      XL: |  1  2  3 |
---------------+----------+-----
Spellcasting   | 2 |  2.3
Fighting       | 1 |  1.6
Stealth        | 2 |  2.0
Ice Magic      | 4 |  4.0
Dodging        | |  1.7

Action                     || total
---------------------------++-------
  Melee: Dagger            ||    41
   Cast: Freeze            ||    44
         Frozen Ramparts   ||     1
    Use: Scroll            ||     2
         Potion            ||     2
 Armour: Robe              ||    29
  Dodge: Dodged            ||    38
         Repelled          ||     2

Table legend: (Time is in decaauts)
 A = Elapsed time spent in this place.
 B = Non-inter-level travel time spent in this place.
 C = Inter-level travel time spent in this place.
 D = Time resting spent in this place.
 E = Time spent auto-exploring this place.
 F = Levels seen in this place.
 G = Mean time per level.
                   A        B        C        D        E       F      G
               +--------+--------+--------+--------+--------+-----+--------+
         Total |   2041 |   2014 |     27 |      0 |   1722 |   4 |  510.2 |
       Dungeon |   2041 |   2014 |     27 |      0 |   1722 |   4 |  510.2 |
               +--------+--------+--------+--------+--------+-----+--------+

Top non-repeatable levels by time:
     D:1: 1075 daAuts
     D:2: 579 daAuts
     D:3: 304 daAuts
     D:4: 81 daAuts
